 Dungeon Crawl Stone Soup version 0.18.1-50-g88ac8fd (webtiles) character file.

8642 Neder the Cleaver (level 11, -3/80 HPs)
             Began as a Demonspawn Fighter on Oct 28, 2016.
             Slain by a komodo dragon (19 damage)
             ... on level 10 of the Dungeon.
             The game lasted 00:32:15 (8094 turns).

Neder the Cleaver (Demonspawn Fighter)              Turns: 8094, Time: 00:32:16

Health: -3/80      AC: 14    Str: 18 (19) XL:     11   Next: 12%
Magic:  11/11      EV:  5    Int:  9 (10) God:
Gold:   449        SH:  0    Dex: 14 (15) Spells: 0 memorised, 10 levels left

rFire  + . .     SeeInvis .     a - +0 war axe
rCold  . . .     Gourm    .     g - +0 plate armour
rNeg   . . .     Faith    .     (no shield)
rPois  .         Spirit   .     (helmet restricted)
rElec  .         Dismiss  .     v - +0 cloak
rCorr  .         Reflect  .     o - +0 pair of gloves
SustAt .         Harm     .     (no boots)
MR     .....                    t - amulet of regeneration
Stlth  ..........               (no ring)
                                (no ring)

@: not resistant to hostile enchantments, extremely unstealthy
A: antennae 1, agile 1, fire resistance 1, powered by death 1, flame cloud
immunity
a: no special abilities


You were on level 10 of the Dungeon.
You were not hungry.

You visited 1 branch of the dungeon, and saw 10 of its levels.

You collected 449 gold pieces.

Inventory:

Hand Weapons
 a - a +0 war axe (weapon)
 h - a +2 flail of protection
Armour
 g - a +0 plate armour (worn)
 k - a +1 helmet of see invisible
 o - a +0 pair of gloves (worn)
 v - a +0 cloak (worn)
Jewellery
 t - an amulet of regeneration (around neck)
Wands
 q - a wand of flame (25/48)
 u - a wand of confusion (35/48)
 w - a wand of slowing (15/48)
Scrolls
 d - a scroll of enchant armour
 i - a scroll of magic mapping
 j - 2 scrolls of remove curse
 r - 8 scrolls of identify
Potions
 c - a potion of magic
 e - 4 potions of cure mutation
 n - 3 potions of flight
Books
 b - the Papyrus of Lucky Displacement
   (You found it on level 7 of the Dungeon)

   Spells                             Type                      Level
   a - Song of Slaying                Charms                       2
   b - Swiftness                      Charms/Air                   2
   c - Shroud of Golubria             Charms/Translocation         2
   d - Recall                         Summoning/Translocation      3
   e - Passage of Golubria            Translocation                4
   f - Ring of Flames                 Charms/Fire                  7
 p - a book of Summonings

   Spells                             Type                      Level
   a - Recall                         Summoning/Translocation      3
   b - Aura of Abjuration             Summoning                    5
   c - Summon Demon                   Summoning                    5
   d - Summon Forest                  Summoning/Translocation      5
   e - Summon Mana Viper              Hexes/Summoning              5
   f - Shadow Creatures               Summoning                    6
Comestibles
 f - 8 bread rations
 l - a royal jelly
 m - 7 meat rations
 x - 12 fruits
 z - 6 slices of pizza


   Skills:
 + Level 5.4 Fighting
 - Level 14.2 Axes
 + Level 4.8 Armour
   Level 2.6 Shields


You had 10 spell levels left.
You didn't know any spells.

Dungeon Overview and Level Annotations

Branches:
Dungeon (10/15)            Temple (0/1) D:6             Orc (0/2) D:9
   Lair: D:8-11

Altars:
Dithmenos
Kikubaaqudgha
Okawaru
Pakellas
Qazlal
Sif Muna
Trog
Xom


Innate Abilities, Weirdness & Mutations

You have a pair of small antennae on your head.
Your flesh is heat resistant.
You regenerate a little health from kills.
You are immune to clouds of flame.
You are agile. (Dex +2)


Message History

You barely miss the giant gecko. You completely miss the mottled dragon.
The iguana barely misses you.
The giant gecko bites you but does no damage.
The mottled dragon bites you.
* * * LOW HITPOINT WARNING * * *
The mottled dragon barely misses you.
You slash the iguana!
You kill the iguana!
You hit the mottled dragon.
The mottled dragon is lightly wounded.
You miss the giant gecko. The giant gecko barely misses you.
You hit the mottled dragon.
The mottled dragon is lightly wounded.
You closely miss the komodo dragon. You hit the giant gecko.
You kill the giant gecko!
The mottled dragon bites you!
* * * LOW HITPOINT WARNING * * *
The mottled dragon claws you but does no damage.
The komodo dragon bites you!!
You die...

#.# #..# # #.# #..# # #.# #..# #
### #### # ### ## ###.#######
##.#.###.........##
###.#...†.l..###....## #
.#........@D.## #.##†.#####
......)#####l# ######...## .
#.####.# ####†. ##.l{.### #.##
#.###.#.# ### ## ##.## ###
#################################
...............................).


You could see 2 komodo dragons and a mottled dragon.

Vanquished Creatures
  A hydra (D:9)
  A hill giant (D:10)
  A troll (D:9)
  2 two-headed ogres
  The ghost of Daydreamer the Conjurer, an amateur DrCj (D:4)
  A wyvern (D:10)
  7 yaks
  2 hippogriffs
  A water moccasin (D:5)
  2 orc warriors
  A necrophage (D:8)
  2 black bears
  2 ice beasts
  5 centaurs
  4 ogres
  A phantom (D:8)
  2 crocodiles (D:10)
  11 big kobolds
  Blork the orc (D:6)
  4 giant frogs
  2 scorpions
  9 killer bees
  4 howler monkeys (D:10)
  4 crimson imps
  Crazy Yiuf (D:7)
  2 giant frog zombies
  5 hounds
  A jelly (D:8)
  6 orc wizards
  2 orc priests
  A quasit (D:7)
  3 centaur skeletons
  4 giant frog skeletons
  3 iguanas
  8 worker ants
  A killer bee zombie (D:7)
  2 sheep (D:9)
  A hound skeleton (D:6)
  A worker ant zombie (D:8)
  Robin (D:2)
  4 gnolls (D:4)
  16 adders
  A shadow imp (D:5)
  2 oozes
  2 adder zombies (D:9)
  An adder skeleton (D:4)
  A worm (D:4)
  4 dart slugs
  9 giant geckos
  32 orcs
  10 bats
  3 giant cockroaches
  12 hobgoblins
  4 jackals
  9 quokkas
  3 ball pythons
  5 giant newts
  13 goblins
  19 kobolds
  4 rats
267 creatures vanquished.

Vanquished Creatures (others)
  An orc wizard (D:10)
  A lightning spire (D:6)
  2 bushes (D:6)
4 creatures vanquished.

Grand Total: 271 creatures vanquished

Notes
Turn   | Place    | Note
--------------------------------------------------------------
     0 | D:1      | Neder the Demonspawn Fighter began the quest for the Orb.
     0 | D:1      | Reached XP level 1. HP: 18/18 MP: 1/1
   108 | D:1      | Reached skill level 2 in Axes
   217 | D:1      | Gained mutation: You regenerate a little health from kills. [demonic ancestry]
   217 | D:1      | Reached XP level 2. HP: 18/24 MP: 2/2
   914 | D:2      | Noticed Robin
   922 | D:2      | Reached skill level 3 in Axes
   925 | D:2      | Reached XP level 3. HP: 22/29 MP: 3/3
   941 | D:2      | Killed Robin
   975 | D:2      | Reached XP level 4. HP: 26/35 MP: 4/4
  1029 | D:2      | Reached skill level 4 in Axes
  1183 | D:2      | Found an iron altar of Okawaru.
  1183 | D:2      | Found a deep blue altar of Sif Muna.
  1184 | D:2      | Found an ancient bone altar of Kikubaaqudgha.
  1564 | D:3      | Noticed an orc warrior
  1654 | D:3      | Reached XP level 5. HP: 41/41 MP: 5/5
  1741 | D:3      | Reached skill level 5 in Axes
  1920 | D:3      | Killed an orc warrior
  1920 | D:3      | Gained mutation: Your flesh is heat resistant. [demonic ancestry]
  1920 | D:3      | Reached XP level 6. HP: 27/47 MP: 6/6
  2007 | D:3      | Reached skill level 6 in Axes
  2494 | D:4      | Noticed Daydreamer's ghost (amateur DrCj)
  2514 | D:4      | Killed Daydreamer's ghost
  2514 | D:4      | Reached skill level 7 in Axes
  2514 | D:4      | Reached XP level 7. HP: 35/52 MP: 7/7
  2879 | D:5      | Entered Level 5 of the Dungeon
  2979 | D:5      | Reached skill level 8 in Axes
  3136 | D:5      | Gained mutation: You are immune to clouds of flame. [demonic ancestry]
  3136 | D:5      | Reached XP level 8. HP: 56/58 MP: 8/8
  3379 | D:5      | Reached skill level 9 in Axes
  3419 | D:5      | Found a stormy altar of Qazlal.
  3582 | D:5      | Found a bloodstained altar of Trog.
  3582 | D:5      | Found a shadowy altar of Dithmenos.
  3812 | D:6      | Found a staircase to the Ecumenical Temple.
  3834 | D:6      | Noticed Blork the orc
  3844 | D:6      | Killed Blork the orc
  3883 | D:6      | Reached skill level 10 in Axes
  4469 | D:6      | Found an oddly glowing altar of Pakellas.
  4470 | D:6      | Noticed a manticore
  4880 | D:7      | Reached XP level 9. HP: 62/63 MP: 9/9
  5069 | D:7      | Reached skill level 11 in Axes
  5215 | D:7      | Noticed Crazy Yiuf
  5224 | D:7      | Killed Crazy Yiuf
  5454 | D:7      | Identified the Papyrus of Lucky Displacement
  5488 | D:8      | Found a shimmering altar of Xom.
  5706 | D:8      | Gained mutation: You are agile. (Dex +2) [potion of beneficial mutation]
  5893 | D:8      | Reached skill level 12 in Axes
  6317 | D:8      | Reached XP level 10. HP: 46/70 MP: 10/10
  6385 | D:9      | Found a staircase to the Orcish Mines.
  6471 | D:9      | Reached skill level 13 in Axes
  6771 | D:9      | Noticed a three-headed hydra
  7462 | D:9      | Killed a three-headed hydra
  7462 | D:9      | Reached skill level 14 in Axes
  7654 | D:10     | Entered Level 10 of the Dungeon
  7678 | D:10     | Noticed a hill giant
  7687 | D:10     | Killed a hill giant
  7777 | D:10     | Gained mutation: You have a pair of small antennae on your head. [demonic ancestry]
  7777 | D:10     | Reached XP level 11. HP: 78/78 MP: 11/11
  7877 | D:10     | Reached skill level 5 in Fighting
  8094 | D:10     | Slain by a komodo dragon

Skill      XL: |  1  2  3  4  5  6  7  8  9 10 11 |
---------------+----------------------------------+-----
Axes           | 2 3 4 5 7 8 10 12 14 | 14.2
Fighting       | 4 5 |  5.4
Armour         | 4 |  4.8
Shields        | |  2.6

Action                   |  1- 3 |  4- 6 |  7- 9 | 10-12 || total
-------------------------+-------+-------+-------+-------++-------
Melee: War axe           |    87 |   196 |   558 |   247 ||  1088
       Flail             |       |       |       |   226 ||   226
  Use: Potion            |       |     7 |     2 |     5 ||    14
       Scroll            |       |     9 |     3 |     2 ||    14
  Eat: Chunk             |       |     3 |     5 |     1 ||     9
       Bread ration      |       |     1 |     2 |     1 ||     4
Armor: Scale mail        |    92 |    72 |       |       ||   164
       Plate armour      |       |    62 |   519 |   389 ||   970
Dodge: Dodged            |   107 |    99 |   166 |   151 ||   523
